 Dungeon Crawl Stone Soup version 0.14-a0-1974-gdb6e453 (webtiles) character file.

1632 Kae the Covert (level 8, -6/36 HPs)
             Began as a Spriggan Enchanter on Jan 17, 2014.
             Was an Initiate of Dithmengos.
             Mangled by a centaur (10 damage)
             ... on Level 6 of the Dungeon.
             The game lasted 00:12:47 (6806 turns).

Kae the Covert (Spriggan Enchanter)                 Turns: 6806, Time: 00:12:47

HP  -6/36        AC  4     Str  6      XL: 8   Next: 34%
MP  20/24        EV 18     Int 17      God: Dithmengos [......]
Gold 301         SH  0     Dex 16      Spells:  3 memorised, 11 levels left

rFire  . . .     SeeInvis +     a - +1,+2 dagger
rCold  . . .     Clarity  .     b - +1 robe
rNeg   . . .     Conserve .     (shield restricted)
rPois  .         rCorr    .     (helmet restricted)
rElec  .         rRot     .     D - +0 cloak
SustAb + .       Spirit   .     (gloves unavailable)
rMut   .         Warding  .     (boots unavailable)
Saprov . . .     Stasis   .     (no amulet)
MR     +....                    (no ring)
                                k - ring of sustain abilities

@: very quick, somewhat resistant to hostile enchantments, extremely stealthy
A: unfitting armour, see invisible, herbivore 3, speed 3, slow metabolism 2
a: Renounce Religion


You were on level 6 of the Dungeon.
You worshipped Dithmengos.
Dithmengos was noncommittal.
You were not hungry.

You visited 2 branches of the dungeon, and saw 7 of its levels.
You also visited: Sewer.

You collected 301 gold pieces.

Inventory:

Hand weapons
 a - a +1,+2 dagger (weapon)
Missiles
 d - 12 darts (quivered)
Armour
 b - a +1 robe (worn)
 D - a +0 cloak (worn)
Magical devices
 v - a wand of paralysis (15) {unknown}
Comestibles
 r - a bread ration
Scrolls
 f - 8 scrolls of identify
 h - 3 scrolls of remove curse
 l - 3 scrolls of enchant weapon II
 n - 5 scrolls of teleportation
 p - a scroll of enchant weapon I {unknown}
 s - a scroll of fear
 u - a scroll of magic mapping
 x - a scroll of curse weapon
 A - a scroll of random uselessness
 E - 2 scrolls of curse armour {unknown}
 G - a scroll of blinking
Jewellery
 i - an uncursed ring of protection from cold {unknown}
 k - a ring of sustain abilities (left hand)
 y - a cursed ring of teleportation {unknown}
 B - an uncursed ring of regeneration {unknown}
Potions
 e - 2 potions of cure mutation
 g - a potion of speed {unknown}
 j - a potion of magic {unknown}
 m - a potion of brilliance
 q - a potion of resistance
 t - 3 potions of heal wounds
 w - 2 potions of lignification {unknown}
 C - a potion of poison {unknown}
 F - a potion of curing
 H - a potion of berserk rage {unknown}
Books
 c - a book of Maledictions

   Spells                             Type                      Level
   *Corona                            Hexes                        1
   Sure Blade                         Hexes/Charms                 2
   *Ensorcelled Hibernation           Hexes/Ice                    2
   *Confuse                           Hexes                        3
   Enslavement                        Hexes                        4
   Invisibility                       Hexes                        6


   Skills:
 * Level 6.6 Short Blades
 - Level 1.1 Throwing
 - Level 3.0 Dodging
 * Level 9.6 Stealth
 + Level 5.4 Spellcasting
 + Level 6.1 Hexes


You had 11 spell levels left.
You knew the following spells:

 Your Spells              Type           Power        Failure   Level  Hunger
a - Corona                Hex            ####...      1%          1    None
b - Ensorcelled Hibernat  Hex/Ice        ###...       10%         2    #......
c - Confuse               Hex            ####....     3%          3    ###....


Dungeon Overview and Level Annotations

Branches:
Dungeon (6/16)             Temple (1/1) D:6

Altars:
Ashenzari
Cheibriados
Dithmengos
Fedhas
Nemelex Xobeh
Trog
Vehumet
the Shining One

Annotations:
D:4 exclusion: centaur


Innate Abilities, Weirdness & Mutations

You are tiny and cannot use many weapons and most armour.
You have supernaturally acute eyesight.
You are a herbivore.
You cover ground extremely quickly.
You need consume almost no food.


Message History

You start resting.
The centaur shoots an arrow.
The arrow hits you!
The centaur unwields an uncursed bow.
The centaur closely misses you.
There is an open door here.
Casting: Ensorcelled Hibernation
Confirm with . or Enter, or press ? or * to list all spells.
Aiming: Ensorcelled Hibernation
Press: ? - help, Shift-Dir - straight line, f - centaur
Aim: a centaur The centaur resists.
The centaur hits you!
* * * LOW HITPOINT WARNING * * *
Casting: Ensorcelled Hibernation
Confirm with . or Enter, or press ? or * to list all spells.
Aiming: Ensorcelled Hibernation
Press: ? - help, Shift-Dir - straight line, f/p - centaur
Aim: a centaur The centaur resists.
The centaur hits you but does no damage.
The centaur hits you!
You die...

########## #######
###.........# #.....#
##(@.(.......#
+.....####..#c........#
#.....##...##.........
#.....#..####.........
#...).'.## #.........
#.....### ####+####
###'### #.# #.#


You could see a centaur.

Vanquished Creatures
  Prince Ribbit (D:5)
  A necrophage (D:5)
  An ice beast (D:6)
  A sky beast (D:5)
  A centaur (D:6)
  2 hounds (D:4)
  A centaur skeleton (D:6)
  2 giant frog skeletons
  An orc priest (D:4)
  2 orc wizards
  2 worker ants (D:4)
  3 iguanas
  Terence (D:2)
  3 green rats (Sewer)
  15 adders
  3 gnolls (D:5)
  3 giant mites
  5 worms
  A giant eyeball (D:5)
  An ooze (D:1)
  13 orcs
  7 ball pythons
  13 bats
  5 giant cockroaches
  A grey rat (D:3)
  9 hobgoblins
  12 jackals
  23 kobolds
  3 giant geckos
  8 giant newts
  9 goblins
  A goblin skeleton (D:4)
  An orc zombie (D:4)
  5 quokkas
  11 rats
  A rat skeleton (D:6)
172 creatures vanquished.

Notes
Turn   | Place    | Note
--------------------------------------------------------------
     0 | D:1      | Kae, the Spriggan Enchanter, began the quest for the Orb.
     0 | D:1      | Reached XP level 1. HP: 9/9 MP: 4/4
   381 | D:1      | Reached XP level 2. HP: 11/13 MP: 7/7
   386 | D:1      | Learned a level 2 spell: Ensorcelled Hibernation
   671 | D:2      | Reached skill level 4 in Hexes
   671 | D:2      | Reached XP level 3. HP: 12/16 MP: 5/10
  1649 | D:2      | Reached XP level 4. HP: 21/21 MP: 13/13
  1658 | D:2      | Noticed Terence
  1664 | D:2      | Learned a level 3 spell: Confuse
  1674 | D:2      | Killed Terence
  1806 | D:2      | Reached skill level 5 in Stealth
  2411 | D:3      | Reached XP level 5. HP: 24/24 MP: 13/16
  2452 | D:3      | Found a snail-covered altar of Cheibriados.
  2689 | D:3      | Found a glowing drain.
  2729 | Sewer    | Entered a sewer
  3054 | Sewer    | Reached skill level 6 in Stealth
  3129 | Sewer    | Reached XP level 6. HP: 22/28 MP: 4/18
  4033 | D:5      | Entered Level 5 of the Dungeon
  4447 | D:5      | Noticed Prince Ribbit
  4453 | D:5      | Killed Prince Ribbit
  4453 | D:5      | Reached skill level 5 in Short Blades
  4453 | D:5      | Reached skill level 7 in Stealth
  4453 | D:5      | Reached skill level 5 in Hexes
  4453 | D:5      | Reached XP level 7. HP: 32/32 MP: 15/21
  4478 | D:5      | Noticed a four-headed hydra skeleton
  4571 | D:5      | Noticed a necrophage
  4615 | D:5      | Killed a necrophage
  4932 | D:5      | Reached skill level 8 in Stealth
  5491 | D:4      | Reached skill level 5 in Spellcasting
  5501 | D:4      | Reached XP level 8. HP: 30/36 MP: 14/24
  6436 | D:6      | Reached skill level 9 in Stealth
  6475 | D:6      | Found a staircase to the Ecumenical Temple.
  6484 | Temple   | Entered the Ecumenical Temple
  6500 | Temple   | Became a worshipper of Dithmengos
  6806 | D:6      | Mangled by a centaur

Action                   |  1- 3 |  4- 6 |  7- 9 || total
-------------------------+-------+-------+-------++-------
Melee: Dagger            |   145 |   230 |   157 ||   532
Throw: Dart              |     2 |       |       ||     2
 Cast: Ensorcelled Hiber |    18 |    65 |    47 ||   130
       Corona            |     1 |       |     1 ||     2
       Confuse           |       |     4 |     9 ||    13
  Use: Potion            |       |    10 |       ||    10
       Scroll            |       |    14 |       ||    14
 Stab: Sleeping          |    20 |    47 |    36 ||   103
       Distracted        |     1 |       |       ||     1
       Confused          |       |     2 |     6 ||     8
